 Dungeon Crawl Stone Soup version 0.21.1-1-g345015f (webtiles) character file.

51 Vasilisck the Charmwright (level 3, -4/31 HPs)
             Began as a Gnoll Skald on Apr 5, 2018.
             Slain by Tiareth's ghost (9 damage)
             ... on level 3 of the Dungeon.
             The game lasted 00:03:21 (1653 turns).

Vasilisck the Charmwright (Gnoll Skald)             Turns: 1653, Time: 00:03:22

Health: -4/31      AC:  3    Str: 13    XL:     3   Next: 81%
Magic:  1/9        EV: 14    Int: 15    God:
Gold:   35         SH:  0    Dex: 15    Spells: 3/12 levels left

rFire    + . .     SeeInvis .   a - +0 hand axe
rCold    x . .     Gourm    .   (no shield)
rNeg     . . .     Faith    .   b - +0 leather armour
rPois    .         Spirit   .   (no helmet)
rElec    .         Reflect  .   (no cloak)
rCorr    .         Harm     .   (no gloves)
MR       .....                  (no boots)
Stlth    +.........             (no amulet)
HPRegen  0.10/turn              e - ring of fire
MPRegen  0.11/turn              (no ring)

@: infused, very slightly contaminated
A: distributed training, fangs 1, strong nose
a: no special abilities


You were on level 3 of the Dungeon.
You were hungry.

You visited 1 branch of the dungeon, and saw 3 of its levels.

You collected 35 gold pieces.

Inventory:

Hand Weapons
 a - a +0 hand axe (weapon)
Armour
 b - a +0 leather armour (worn)
Jewellery
 e - a ring of fire (left hand)
Scrolls
 f - 2 scrolls of amnesia {unknown}
 g - a scroll of fog {unknown}
 i - 3 scrolls of identify {unknown}
 k - a scroll of noise {unknown}
Potions
 h - 2 potions of degeneration {unknown}
Books
 c - a book of Battle

   Spells                             Type                      Level
   a - Infusion                       Charms                       1
   b - Shroud of Golubria             Charms/Translocation         2
   c - Song of Slaying                Charms                       2
   d - Spectral Weapon                Hexes/Charms                 3
   e - Regeneration                   Charms/Necromancy            3
Comestibles
 d - 3 rations


   Skills:
 + Level 4.5 Fighting
 + Level 0.9 Short Blades
 + Level 0.9 Long Blades
 + Level 4.5 Axes
 + Level 0.9 Maces & Flails
 + Level 0.9 Polearms
 + Level 0.9 Staves
 + Level 0.9 Slings
 + Level 0.9 Bows
 + Level 0.9 Crossbows
 + Level 0.9 Throwing
 + Level 2.6 Armour
 + Level 4.5 Dodging
 + Level 0.9 Stealth
 + Level 0.9 Shields
 + Level 0.9 Unarmed Combat
 + Level 5.0 Spellcasting
 + Level 0.6 Conjurations
 + Level 0.6 Hexes
 + Level 5.4 Charms
 + Level 0.6 Summonings
 + Level 0.6 Necromancy
 + Level 0.6 Translocations
 + Level 0.6 Transmutations
 + Level 0.6 Fire Magic
 + Level 0.6 Ice Magic
 + Level 0.6 Air Magic
 + Level 0.6 Earth Magic
 + Level 0.6 Poison Magic
 + Level 1.0 Invocations
 + Level 0.9 Evocations


You had 3 spell levels left.
You knew the following spells:

 Your Spells              Type           Power        Failure   Level  Hunger
a - Infusion              Chrm           ###.         2%          1    None
b - Shroud of Golubria    Chrm/Tloc      ##........   9%          2    ##.....
c - Regeneration          Chrm/Necr      ##........   19%         3    ###....
d - Spectral Weapon       Hex/Chrm       ##......     19%         3    ###....


Dungeon Overview and Level Annotations

Branches:
Dungeon (3/15)

Altars:

Annotations:
D:3 Tiareth's ghost, amateur DEMo


Innate Abilities, Weirdness & Mutations

Your experience applies equally to all skills.
You have very sharp teeth.
Your uncanny sense of smell can sniff out nearby items.


Message History

You barely miss the goblin. You hit the jackal. You hit the hobgoblin.
The jackal misses you. The goblin barely misses you.
The jackal completely misses you. The hobgoblin hits you with a club.
The hobgoblin misses you.
You hit the jackal.
You kill the jackal!
You completely miss the goblin. You hit the hobgoblin.
You kill the hobgoblin!
You hit the hobgoblin. The goblin hits you with a dagger.
The hobgoblin misses you. The hobgoblin hits you with a club.
Things that are here:
a club; a hobgoblin corpse Tiareth's ghost hits you.
* * * LOW HITPOINT WARNING * * *
There is a stone staircase leading up here.
The hobgoblin barely misses you. The goblin hits you with a dagger.
* * * LOW HITPOINT WARNING * * *
Tiareth's ghost hits you!
You die...

#...#######
#..........#
###..........#
............+ #
#...... ..
#.###...†##.#
......†.)...#
......gg.####
#......@.#
.......W.......
...##....#####.
#. #..... ∆ .
.......
......###
#>......
###....#


You could see Tiareth's ghost, a hobgoblin and a goblin.

Vanquished Creatures
  2 adders (D:2)
  A dart slug (D:3)
  2 ball pythons
  4 bats
  3 giant cockroaches
  3 goblins
  3 hobgoblins
  3 jackals (D:3)
  A quokka (D:2)
  2 frilled lizards (D:2)
  3 kobolds (D:2)
  3 rats
30 creatures vanquished.

Notes
Turn   | Place    | Note
-------+----------+-------------------------------------------
     0 | D:1      | Vasilisck the Gnoll Skald began the quest for the Orb.
     0 | D:1      | Reached XP level 1. HP: 20/20 MP: 6/6
   113 | D:1      | Reached XP level 2. HP: 21/26 MP: 4/7
   117 | D:1      | Learned a level 2 spell: Shroud of Golubria
  1041 | D:2      | Reached skill level 5 in Spellcasting
  1041 | D:2      | Reached XP level 3. HP: 31/31 MP: 0/9
  1337 | D:2      | Learned a level 3 spell: Regeneration
  1341 | D:2      | Learned a level 3 spell: Spectral Weapon
  1363 | D:2      | Reached skill level 1 in Invocations
  1648 | D:3      | Noticed Tiareth's ghost (amateur DEMo)
  1653 | D:3      | Slain by Tiareth's ghost

Skill      XL: |  1  2  3 |
---------------+----------+-----
Spellcasting   | 5 |  5.0
Invocations    | 1 |  1.0
Fighting       | |  4.5
Short Blades   | |  0.9
Long Blades    | |  0.9
Axes           | |  4.5
Maces & Flails | |  0.9
Polearms       | |  0.9
Staves         | |  0.9
Slings         | |  0.9
Bows           | |  0.9
Crossbows      | |  0.9
Throwing       | |  0.9
Armour         | |  2.6
Dodging        | |  4.5
Stealth        | |  0.9
Shields        | |  0.9
Unarmed Combat | |  0.9
Conjurations   | |  0.6
Hexes          | |  0.6
Charms         | |  5.4
Summonings     | |  0.6
Necromancy     | |  0.6
Translocations | |  0.6
Transmutations | |  0.6
Fire Magic     | |  0.6
Ice Magic      | |  0.6
Air Magic      | |  0.6
Earth Magic    | |  0.6
Poison Magic   | |  0.6
Evocations     | |  0.9

Action                   || total
-------------------------++-------
Melee: Hand axe          ||    93
       Bite              ||    10
 Cast: Infusion          ||    10
       Shroud of Golubri ||     2
       Spectral Weapon   ||     1
  Eat: Chunk             ||     2
Armor: Leather armour    ||    23
Dodge: Dodged            ||    82
